 Dungeon Crawl Stone Soup version 0.23.2-1-ga50397a6bc (webtiles) character file.

Game seed: 2850885634362008980

379 Revguard the Cudgeler (level 6, -1/63 HPs)
             Began as a Minotaur Chaos Knight on Apr 30, 2019.
             Was a Plaything of Xom.
             Slain by a phantom (7 damage)
             ... on level 4 of the Dungeon.
             The game lasted 00:06:17 (2856 turns).

Revguard the Cudgeler (Minotaur Chaos Knight)       Turns: 2856, Time: 00:06:18

Health: -1/63      AC:  8    Str: 17    XL:     6   Next: 45%
Magic:  5/5        EV: 13    Int:  9    God:    Xom [....*.]
Gold:   172        SH:  0    Dex: 12    Spells: 5/5 levels left

rFire    . . .     SeeInvis .   a - +0 mace (chaos)
rCold    . . .     Gourm    .   (no shield)
rNeg     . . .     Faith    .   b - +2 leather armour
rPois    +         Spirit   .   (helmet restricted)
rElec    .         Reflect  .   n - +0 cloak
rCorr    .         Harm     .   (no gloves)
MR       .....                  d - +0 pair of boots
Stlth    +.........             (no amulet)
HPRegen  0.20/turn              m - ring of poison resistance
MPRegen  0.09/turn              o - +3 ring of dexterity

@: no status effects
A: retaliatory headbutt, horns 2, talons 1, rugged brown scales 1, clumsy 1,
robust 1
a: Renounce Religion


You were on level 4 of the Dungeon.
You worshipped Xom.
You were a beloved toy of Xom.
You were not hungry.

You visited 1 branch of the dungeon, and saw 4 of its levels.

You collected 172 gold pieces.

Inventory:

Hand Weapons
 a - a +0 mace of chaos (weapon)
Armour
 b - a +2 leather armour (worn)
 d - a +0 pair of boots (worn)
 n - a +0 cloak (worn)
Jewellery
 m - a ring of poison resistance (left hand)
 o - a +3 ring of dexterity (right hand)
Scrolls
 e - 4 scrolls of identify
 f - a scroll of teleportation
 g - a scroll of fear {unknown}
 h - 2 scrolls of fog {unknown}
 i - 3 scrolls of remove curse {unknown}
 j - a scroll of enchant armour {unknown}
 k - a scroll of noise {unknown}
 l - a scroll of enchant weapon {unknown}
Comestibles
 c - 13 rations


   Skills:
 + Level 5.0 Fighting
 + Level 6.5 Maces & Flails
 + Level 3.9 Armour
 + Level 3.3 Dodging


You had 5 spell levels left.
You didn't know any spells.
Your spell library contained the following spells:

 Spells                   Type           Power        Failure   Level  Hunger
 Corona                   Hex            #......      43%         1    ##.....
 Ensorcelled Hibernation  Hex/Ice        #.....       58%         2    ###....
 Confuse                  Hex            #.......     82%         3    ####...
 Dazzling Spray           Conj/Hex       #.....       82%         3    ####...
 Tukima's Dance           Hex            #.......     82%         3    ####...


Dungeon Overview and Level Annotations

Branches:
Dungeon (4/15)
 Temple: D:4-7

Altars:
Okawaru


Innate Abilities, Weirdness & Mutations

You reflexively headbutt those who attack you in melee.
You have a pair of horns on your head.
You have sharp toenails.
You are partially covered in rugged brown scales. (AC +1, +3% HP)
You are clumsy. (Dex -2)
You are robust. (+10% HP)


Message History

The phantom hits you.
* * * LOW HITPOINT WARNING * * *
The phantom blinks!
You see here 15 stones.
The phantom blinks!
The phantom blinks!
The phantom blinks!
The phantom blinks!
You hit the phantom but do no damage.
The phantom flickers and vanishes!
Deactivating autopickup; reactivate with Ctrl-A.
Xom is highly amused!
You barely miss something. Something hits you but does no damage.
Something hits you.
* * * LOW HITPOINT WARNING * * *
You barely miss something. Your headbutt misses something.
Something hits you but does no damage.
You barely miss something. Something hits you!
You die... "What!?
That's it?"

...# #..............##
...##................##
.#.#..................#
.#.#...........)......#
.#.#.......#..#.......#
.#.#........##........#
...#........##..(.....#
...#?......#?$#.......#
...#............@..../#
##.#............{.....#
##.##..............$.##
##.# #..............##
##.# ##............##
##.# ##..........##
.#.# ##........## .#.#
########## +#'##


There were no monsters in sight!

Vanquished Creatures
  An ogre (D:4)
  A scorpion (D:4)
  A howler monkey (D:4)
  Robin (D:2)
  7 gnolls (D:3)
  An adder (D:2)
  A shadow imp (D:3)
  2 oozes
  4 worms
  A dart slug (D:1)
  2 leopard geckos
  An orc (D:4)
  7 giant cockroaches
  12 goblins
  7 hobgoblins
  13 jackals
  2 quokkas
  2 ball pythons (D:2)
  8 bats
  3 frilled lizards
  4 kobolds
  6 rats
87 creatures vanquished.

Notes
Turn   | Place    | Note
-------+----------+-------------------------------------------
     0 | D:1      | Revguard the Minotaur Chaos Knight began the quest for the
                  | Orb.
     0 | D:1      | Reached XP level 1. HP: 19/19 MP: 0/0
     5 | D:1      | XOM: divination: magic mapping
    82 | D:1      | Reached skill level 4 in Maces & Flails
    82 | D:1      | Reached XP level 2. HP: 24/27 MP: 1/1
   349 | D:1      | Reached XP level 3. HP: 33/33 MP: 2/2
   354 | D:1      | You fall through a shaft!
   396 | D:2      | XOM: smoke on damage
   631 | D:2      | Noticed Robin
   655 | D:2      | Reached skill level 5 in Maces & Flails
   658 | D:2      | Killed Robin
   658 | D:2      | Reached XP level 4. HP: 16/40 MP: 3/3
  1109 | D:2      | Gained mutation: You have sharp toenails. [potion of
                  | mutation]
  1109 | D:2      | Gained mutation: You are clumsy. (Dex -2) [potion of
                  | mutation]
  1109 | D:2      | Gained mutation: You are robust. (+10% HP) [potion of
                  | mutation]
  1109 | D:2      | Gained mutation: You are partially covered in rugged brown
                  | scales. (AC +1, +3% HP) [potion of mutation]
  1324 | D:3      | Found an iron altar of Okawaru.
  1808 | D:3      | XOM: harmless Tmut miscast
  1823 | D:3      | Reached XP level 5. HP: 46/53 MP: 4/4
  1857 | D:3      | XOM: harmless Erth miscast
  1882 | D:3      | XOM: harmless Tloc miscast
  1932 | D:3      | XOM: harmless Necr miscast
  2040 | D:3      | XOM: mild Tmut miscast
  2111 | D:3      | XOM: smoke on damage
  2121 | D:3      | HP: 1/53 [worm (9)]
  2570 | D:4      | Reached skill level 6 in Maces & Flails
  2622 | D:4      | Reached XP level 6. HP: 40/62 MP: 5/5
  2800 | D:4      | Reached skill level 5 in Fighting
  2811 | D:4      | XOM: mild Chrm miscast
  2823 | D:4      | XOM: 4-stop teleportation journey
  2856 | D:4      | Slain by a phantom

Skill      XL: |  1  2  3  4  5  6 |
---------------+-------------------+-----
Maces & Flails | 4 5 6 |  6.5
Fighting       | 4 5 |  5.0
Armour         | 3 |  3.9
Dodging        | 2 3 |  3.3

Action                   |  1- 3 |  4- 6 || total
-------------------------+-------+-------++-------
Melee: Mace              |    76 |   131 ||   207
       Headbutt          |     7 |    16 ||    23
  Use: Potion            |       |     4 ||     4
       Scroll            |       |     2 ||     2
 Stab: Confused          |     1 |       ||     1
  Eat: Chunk             |       |     6 ||     6
Armor: Leather armour    |    37 |    66 ||   103
Dodge: Dodged            |    83 |    99 ||   182
